 Dungeon Crawl Stone Soup version 0.23.0 (webtiles) character file.

Game seed: 11522485927159161757

376 tidbits the Charmwright (level 6, 24/51 HPs)
             Began as a Gnoll Skald on Feb 11, 2019.
             Quit the game on level 7 of the Dungeon.
             The game lasted 00:08:58 (845 turns).

tidbits the Charmwright (Gnoll Skald)                Turns: 845, Time: 00:08:59

Health: 24/51      AC:  3    Str: 13    XL:     6   Next: 73%
Magic:  3/14       EV: 14    Int: 17    God:
Gold:   70         SH:  0    Dex: 15    Spells: 3/15 levels left

rFire    . . .     SeeInvis .   a - +1 spear
rCold    . . .     Gourm    .   (no shield)
rNeg     . . .     Faith    .   b - +0 leather armour
rPois    .         Spirit   .   (no helmet)
rElec    .         Reflect  .   (no cloak)
rCorr    .         Harm     .   (no gloves)
MR       .....                  (no boots)
Stlth    ++++......             (no amulet)
HPRegen  0.17/turn              m - ring of stealth
MPRegen  0.14/turn              i - ring of stealth

@: mildly poisoned (24 -> 22), very slightly contaminated
A: distributed training, fangs 1, strong nose
a: no special abilities


You were on level 7 of the Dungeon.
You were not hungry.

You visited 1 branch of the dungeon, and saw 8 of its levels.

You collected 70 gold pieces.

Inventory:

Hand Weapons
 a - a +1 spear (weapon)
 q - a +0 flail
Missiles
 s - 19 sling bullets
Armour
 b - a +0 leather armour (worn)
 c - a +0 buckler
Jewellery
 f - an uncursed ring of positive energy
   (You found it on level 1 of the Dungeon)
 i - a ring of stealth (right hand)
   (You found it on level 3 of the Dungeon)
 m - a ring of stealth (left hand)
   (You found it on level 5 of the Dungeon)
 r - an uncursed ring of teleportation
   (You found it on level 5 of the Dungeon)
Wands
 n - a wand of digging (3)
Scrolls
 e - 2 scrolls of remove curse
 g - 3 scrolls of teleportation
 h - a scroll of identify {unknown}
 l - a scroll of enchant weapon
Potions
 j - 2 potions of berserk rage {unknown}
 k - a potion of degeneration {unknown}
 o - a potion of curing {unknown}
 p - 2 potions of haste {unknown}
Comestibles
 d - 4 rations


   Skills:
 + Level 5.0 Fighting
 + Level 2.0 Short Blades
 + Level 2.0 Long Blades
 + Level 2.0 Axes
 + Level 2.0 Maces & Flails
 + Level 5.0 Polearms
 + Level 2.0 Staves
 + Level 2.0 Slings
 + Level 2.0 Bows
 + Level 2.0 Crossbows
 + Level 2.0 Throwing
 + Level 3.3 Armour
 + Level 5.0 Dodging
 + Level 2.0 Stealth
 + Level 2.0 Shields
 + Level 2.0 Unarmed Combat
 + Level 5.4 Spellcasting
 + Level 1.6 Conjurations
 + Level 1.6 Hexes
 + Level 5.7 Charms
 + Level 1.6 Summonings
 + Level 1.6 Necromancy
 + Level 1.6 Translocations
 + Level 1.6 Transmutations
 + Level 1.6 Fire Magic
 + Level 1.6 Ice Magic
 + Level 1.6 Air Magic
 + Level 1.6 Earth Magic
 + Level 1.6 Poison Magic
 + Level 2.2 Invocations
 + Level 2.0 Evocations


You had 3 spell levels left.
You knew the following spells:

 Your Spells              Type           Power        Failure   Level  Hunger
g - Shroud of Golubria    Chrm/Tloc      ###.......   6%          2    #......
i - Infusion              Chrm           ###.         1%          1    None
r - Regeneration          Chrm/Necr      ###.......   12%         3    ##.....
w - Spectral Weapon       Hex/Chrm       ###.....     12%         3    ##.....
y - Song of Slaying       Chrm           ###.....     2%          2    #......
A - Apportation           Tloc           ##....       9%          1    None

Your spell library contained the following spells:

 Spells                   Type           Power        Failure   Level  Hunger
 Animate Skeleton         Necr           N/A          9%          1    None
 Confusing Touch          Hex            ##....       9%          1    None
 Summon Small Mammal      Summ           ##..         9%          1    None
 Confuse                  Hex            ##......     26%         3    ##.....
 Gell's Gravitas          Tloc           ##........   26%         3    ##.....
 Petrify                  Tmut/Erth      ##......     65%         4    ####...
 Metabolic Englaciation   Hex/Ice        ##........   94%         5    ######.
 Yara's Violent Unravell  Hex/Tmut       ##........   94%         5    ######.


Dungeon Overview and Level Annotations

Branches:
Dungeon (8/15)
 Temple: D:4-7         Lair: D:8-11

Altars:
Sif Muna


Innate Abilities, Weirdness & Mutations

Your experience applies equally to all skills.
You have very sharp teeth.
Your uncanny sense of smell can sniff out nearby items.


Message History

There is a stone staircase leading up here.
There are no items here.
Unknown command.
You see here 7 gold pieces.
You now have 66 gold pieces (gained 7).
There is a stone staircase leading up here.
You climb upwards.
A jackal comes into view.
There is a stone staircase leading down here.
Found a scroll labeled ROAH MID JEY.
Casting: Spectral Weapon (safe; 12% risk of failure)
Confirm with . or Enter, or press ? or * to list all spells.
You draw out your weapon's spirit!
The jackal barks!
A scorpion comes into view.
Unknown command.
Found a stone staircase leading up.
You hit the jackal.
The jackal is heavily wounded.
Your spectral weapon hits the jackal.
You kill the jackal!
As you read the scroll labeled YMAUME OFA, it crumbles to dust.
You feel strangely unstable.
It was a scroll of teleportation.
Attack whom?
Press: ? - help, Dir - move target cursor, f - scorpion
Aim: a scorpion You reach to attack!
You hit the scorpion but do no damage.
Your spectral weapon closely misses the scorpion.
You hit the scorpion. Your bite misses the scorpion.
The scorpion is moderately wounded.
Your spectral weapon hits the scorpion but does no damage.
You hit the scorpion.
The scorpion is moderately wounded.
Your surroundings suddenly seem different.
Unknown command.
You see here a dark potion.
j - 2 dark potions (gained 1)
You feel strangely unstable.
You are suddenly yanked towards a nearby monster!
Your surroundings suddenly seem different.
Found 4 gold pieces.
An adder comes into view.
You see here 4 gold pieces.
You now have 70 gold pieces (gained 4).
You open the door.
Unknown command.
There is an open door here.
Found a spear.
Wield which item (- for none, * to show all)? (? for menu, Esc to quit)
Okay, then.
Remove which piece of jewellery? (? for menu, Esc to quit)
You remove your ring of teleportation.
Wield which item (- for none, * to show all)? (? for menu, Esc to quit)
Okay, then.
Put on which piece of jewellery? (? for menu, Esc to quit)
That's the wrong kind of item! (Use * to select it.) Put on which piece of jewellery? (? for menu, Esc to quit)
i - a ring of stealth (right hand)
Casting: Spectral Weapon (safe; 12% risk of failure)
Confirm with . or Enter, or press ? or * to list all spells.
You miscast Spectral Weapon.
You are very lightly contaminated with residual magic.
Strange energies run through your body.
Casting: Spectral Weapon (safe; 12% risk of failure)
Confirm with . or Enter, or press ? or * to list all spells.
You feel your bond with your spectral weapon wane.
You draw out your weapon's spirit!
Unknown command.
A worker ant, 3 gnolls, an orc and 2 orc priests come into view.
The gnoll shouts!
The orc priest shouts!
The gnoll shouts!
The adder hisses angrily.
An orc comes into view. It is wielding a +0 flail.
An orc comes into view. It is wielding a +0 hand axe.
The orc priest shouts!
The worker ant twitches its antennae in your direction.
Found a long sword and a robe.
Unknown command.
You swap places.
The adder bites your spectral weapon but does no damage.
Unknown command.
The orc priest begins to cast a cantrip, but forgets the words!
The adder bites your spectral weapon but does no damage.
There is an open door here.
The adder closely misses your spectral weapon.
You open the large door.
The adder bites your spectral weapon but does no damage.
Unknown command.
There is a large open door here.
The adder bites you.
The gnoll hits your spectral weapon with a +0 spear.
Your spectral weapon shares its damage with you!
Your spectral weapon fades away.
The adder bites you.
You are poisoned.
The adder poisons you!
You feel sick. The adder bites you.
* * * LOW HITPOINT WARNING * * *
Found 9 gold pieces.
Are you sure you want to abandon this character and quit the game? (Confirm with "yes".)

#...... #...... ##
##..##'## #.
..).##o8.# #.
##..##...## #.
##..##...## #.
##..##...##
..####.#####..o'.8.++
.......@So..g..##...#
$.####.#######..##...#
#. ##..##...# ..
#..##.8.# ##. #..##+##
#. #... #. .### #. #


You could see an orc priest, a gnoll, an adder and an orc.

Vanquished Creatures
  An ogre (D:7)
  2 hounds
  3 orc wizards (D:7)
  A worker ant (D:7)
  A worker ant zombie (D:5)
  A howler monkey skeleton (D:6)
  6 adders
  3 leopard geckos
  3 orcs
  A bat (D:2)
  3 giant cockroaches
  2 goblins (D:1)
  7 hobgoblins
  3 jackals (D:7)
  3 kobolds (D:1)
  A quokka (D:7)
  5 frilled lizards
  A leopard gecko skeleton (D:5)
  A leopard gecko zombie (D:5)
  3 rats
51 creatures vanquished.

Notes
Turn   | Place    | Note
-------+----------+-------------------------------------------
     0 | D:1      | tidbits the Gnoll Skald began the quest for the Orb.
     0 | D:1      | Reached XP level 1. HP: 20/20 MP: 6/6
    72 | D:1      | Reached XP level 2. HP: 14/26 MP: 2/7
    81 | D:1      | Learned a level 2 spell: Song of Slaying
    84 | D:1      | Learned a level 2 spell: Shroud of Golubria
   141 | D:1      | Reached XP level 3. HP: 15/31 MP: 0/9
   146 | D:1      | Learned a level 3 spell: Regeneration
   159 | D:1      | Learned a level 3 spell: Spectral Weapon
   175 | D:1      | HP: 6/31 [hobgoblin (4)]
   176 | D:1      | Reached skill level 5 in Spellcasting
   301 | D:2      | Reached skill level 1 in Invocations
   386 | D:3      | Reached skill level 1 in Short Blades
   386 | D:3      | Reached skill level 1 in Long Blades
   386 | D:3      | Reached skill level 1 in Axes
   386 | D:3      | Reached skill level 1 in Maces & Flails
   386 | D:3      | Reached skill level 1 in Staves
   386 | D:3      | Reached skill level 1 in Slings
   386 | D:3      | Reached skill level 1 in Bows
   386 | D:3      | Reached skill level 1 in Crossbows
   386 | D:3      | Reached skill level 1 in Throwing
   386 | D:3      | Reached skill level 1 in Stealth
   386 | D:3      | Reached skill level 1 in Shields
   386 | D:3      | Reached skill level 1 in Unarmed Combat
   386 | D:3      | Reached skill level 1 in Evocations
   386 | D:3      | Reached XP level 4. HP: 26/38 MP: 7/11
   440 | D:5      | Entered Level 5 of the Dungeon
   543 | D:5      | Reached skill level 1 in Conjurations
   543 | D:5      | Reached skill level 1 in Hexes
   543 | D:5      | Reached skill level 1 in Summonings
   543 | D:5      | Reached skill level 1 in Necromancy
   543 | D:5      | Reached skill level 1 in Translocations
   543 | D:5      | Reached skill level 1 in Transmutations
   543 | D:5      | Reached skill level 1 in Fire Magic
   543 | D:5      | Reached skill level 1 in Ice Magic
   543 | D:5      | Reached skill level 1 in Air Magic
   543 | D:5      | Reached skill level 1 in Earth Magic
   543 | D:5      | Reached skill level 1 in Poison Magic
   560 | D:5      | Found a deep blue altar of Sif Muna.
   606 | D:5      | Reached XP level 5. HP: 31/43 MP: 7/12
   646 | D:6      | Noticed an orc warrior
   670 | D:7      | Reached skill level 3 in Armour
   674 | D:7      | Learned a level 1 spell: Apportation
   675 | D:7      | Noticed an ogre
   716 | D:7      | Reached XP level 6. HP: 22/50 MP: 4/13
   718 | D:7      | Reached skill level 2 in Invocations
   720 | D:7      | Reached skill level 5 in Fighting
   720 | D:7      | Reached skill level 2 in Short Blades
   720 | D:7      | Reached skill level 2 in Long Blades
   720 | D:7      | Reached skill level 2 in Axes
   720 | D:7      | Reached skill level 2 in Maces & Flails
   720 | D:7      | Reached skill level 5 in Polearms
   720 | D:7      | Reached skill level 2 in Staves
   720 | D:7      | Reached skill level 2 in Slings
   720 | D:7      | Reached skill level 2 in Bows
   720 | D:7      | Reached skill level 2 in Crossbows
   720 | D:7      | Reached skill level 2 in Throwing
   720 | D:7      | Reached skill level 5 in Dodging
   720 | D:7      | Reached skill level 2 in Stealth
   720 | D:7      | Reached skill level 2 in Shields
   720 | D:7      | Reached skill level 2 in Unarmed Combat
   720 | D:7      | Reached skill level 2 in Evocations
   845 | D:7      | Quit the game

Skill      XL: |  1  2  3  4  5  6 |
---------------+-------------------+-----
Spellcasting   | 5 |  5.4
Invocations    | 1 2 |  2.2
Short Blades   | 1 2 |  2.0
Long Blades    | 1 2 |  2.0
Axes           | 1 2 |  2.0
Maces & Flails | 1 2 |  2.0
Staves         | 1 2 |  2.0
Slings         | 1 2 |  2.0
Bows           | 1 2 |  2.0
Crossbows      | 1 2 |  2.0
Throwing       | 1 2 |  2.0
Stealth        | 1 2 |  2.0
Shields        | 1 2 |  2.0
Unarmed Combat | 1 2 |  2.0
Evocations     | 1 2 |  2.0
Conjurations   | 1 |  1.6
Hexes          | 1 |  1.6
Summonings     | 1 |  1.6
Necromancy     | 1 |  1.6
Translocations | 1 |  1.6
Transmutations | 1 |  1.6
Fire Magic     | 1 |  1.6
Ice Magic      | 1 |  1.6
Air Magic      | 1 |  1.6
Earth Magic    | 1 |  1.6
Poison Magic   | 1 |  1.6
Armour         | 3 |  3.3
Fighting       | 5 |  5.0
Polearms       | 5 |  5.0
Dodging        | 5 |  5.0
Charms         | |  5.7

Action                   |  1- 3 |  4- 6 || total
-------------------------+-------+-------++-------
Melee: Spear             |    69 |    80 ||   149
       Bite              |     4 |    13 ||    17
       Punch             |       |     1 ||     1
 Cast: Infusion          |     5 |       ||     5
       Spectral Weapon   |     3 |    14 ||    17
       Regeneration      |     1 |     2 ||     3
       Song of Slaying   |       |     1 ||     1
  Use: Scroll            |     2 |     3 ||     5
       Potion            |     1 |       ||     1
 Stab: Sleeping          |     3 |       ||     3
  Eat: Ration            |     1 |       ||     1
Armor: Leather armour    |     7 |     4 ||    11
Dodge: Dodged            |    21 |    41 ||    62

Table legend:
 A = Turns spent in this place as a percentage of turns spent in the entire game.
 B = Non-inter-level travel turns spent in this place as a percentage of non-inter-level travel turns spent in the entire game.
 C = Inter-level travel turns spent in this place as a percentage of turns spent in this place.
 D = Turns resting spent in this place as a percentage of non-inter-level travel turns spent in this place.
 E = Turns spent auto-exploring this place as a percentage of non-inter-level travel turns spent in this place.
 F = Non-inter-level travel turns spent in this place divided by the number of levels of this place that you've seen.
                   A       B       C       D       E      F
               +-------+-------+-------+-------+-------+----------------------
         Total | 100.0 | 100.0 |   0.0 |   0.0 |   0.0 | 105.6
       Dungeon | 100.0 | 100.0 |   0.0 |   0.0 |   0.0 | 105.6
               +-------+-------+-------+-------+-------+----------------------

Table legend:
 A = Kills in this place as a percentage of kills in entire the game.
 B = Kills by you in this place as a percentage of kills by you in the entire game.
 C = Kills by friends in this place as a percentage of kills by friends in the entire game.
 D = Other kills in this place as a percentage of other kills in the entire game.
 E = Experience gained in this place as a percentage of experience gained in the entire game.
 F = Experience gained in this place divided by the number of levels of this place that you have seen.
                   A       B       C       D       E      F
               +-------+-------+-------+-------+-------+----------------------
         Total | 100.0 | 100.0 |   N/A |   N/A | 100.0 |  67.2
       Dungeon | 100.0 | 100.0 |   N/A |   N/A | 100.0 |  67.2
               +-------+-------+-------+-------+-------+----------------------

Levels and vault maps discovered:
D:1:      tarquinn_simple_flora_water_c, layout_basic, grunt_decor_fettered,
          serial_bayou_pond_e
D:2:      layout_loops_ring
D:3:      layout_basic, lemuel_coloured_pillars_altar, first_ration,
          chequers_ecumenical_altar_simple, uniq_crazy_yiuf_cottage
D:4:      layout_loops_ring, grunt_ministairs_6, makhleb_altar_promises_db
D:5:      layout_loops_ring, minmay_temple_entry_enclosed_plants, basic_altar,
          gammafunk_ghost_nasty_kobolds, serial_shops, nicolae_shop_behind_doors
D:6:      layout_cave_pools
D:7:      layout_loops_ring, grunt_decor_arrowhead
D:8:      layout_basic, serial_shops, shop, minmay_fractal_squares_gapless_5
